 Dungeon Crawl Stone Soup version 0.32-a0-732-ga344392067 (webtiles) character file.

Game seed: 15587226781682208741

34864 cforsyth the Cleaver (level 13, -6/178 HPs)
             Began as a Mountain Dwarf Cinder Acolyte on Mar 16, 2024.
             Was a High Priest of Ignis.
             Mangled by a minotaur
             ... wielding the +8 battleaxe of the Seven Suns {protect, *Noise rN++ Dex+5}
              (36 damage)
             ... in a Gauntlet.
             The game lasted 00:37:56 (24786 turns).

cforsyth the Cleaver (MDCA)                        Turns: 24786, Time: 00:37:57

Health: -6/178     AC: 23    Str: 18    XL:     13   Next: 44%
Magic:  23/23      EV: 12    Int: 28    God:    Ignis [*****.]
Gold:   1709       SH:  0    Dex:  5    Spells: 20/25 levels left

rFire   + . .        O - +2 broad axe (flame)
rCold   . . .        (no shield)
rNeg    . . .        G - +1 shadow dragon scales
rPois   .            (no helmet)
rElec   .            h - +0 cloak
rCorr   .            B - +2 pair of gloves of the Modern Wishes {Int+3}
SInv    .            (no boots)
Will    +....        (no amulet) Stlth
                     I - +6 ring of intelligence
HPRegen 0.49/turn    E - +5 ring of evasion
MPRegen 0.18/turn

%: no teleportation
@: berserking (expiring), invisible, very quick
A: runic magic, artefact enchanting, MP-powered wands, noise suppression
a: Renounce Religion, Fiery Armour, Foxfire Swarm, Rising Flame


You were in a Gauntlet.
You worshipped Ignis.
Ignis was extremely pleased with you.
You visited 2 branches of the dungeon, and saw 15 of its levels.
You also visited: Bailey and Gauntlet.

You collected 1787 gold pieces.
You spent 78 gold pieces at shops.


Innate Abilities, Weirdness & Mutations

Your spellcasting is much less encumbered by armour.
You can use scrolls of enchantment on lesser artefacts.
You expend magic power (3 MP) to strengthen your wands.
You passively dampen the noise of your surroundings.


   Skills:
 + Level 12.6 Fighting
 + Level 13.6 Axes
 + Level 12.0 Armour
 + Level 6.5 Shields
 - Level 6.7 Spellcasting
 - Level 11.7 Fire Magic


You had 20 spell levels left.
You knew the following spells:

 Your Spells              Type           Power      Damage    Failure   Level
X - Scorch                Fire           100%       2d9       1%          2
Y - Volatile Blastmotes   Fire/Tloc      84%        2d17      2%          3

Your spell library contained the following spells:

 Spells                   Type           Power      Damage    Failure   Level
 Summon Small Mammal      Summ           36%        N/A       9%          1
 Flame Wave               Conj/Fire      42%        2d11      9%          4
 Ignite Poison            Fire/Alch      42%        N/A       9%          4
 Summon Blazeheart Golem  Fire/Summ      42%        N/A       9%          4
 Call Imp                 Summ           18%        N/A       14%         2
 Cigotuvi's Dreadful Rot  Necr/Alch/Air  18%        N/A       14%         2
 Sublimation of Blood     Necr           9%         N/A       14%         2
 Call Canine Familiar     Summ           9%         N/A       26%         3
 Fugue of the Fallen      Necr           9%         N/A       26%         3
 Ozocubu's Armour         Ice            9%         N/A       26%         3
 Passwall                 Erth           9%         N/A       26%         3
 Manifold Assault         Tloc           9%         N/A       65%         4
 Olgreb's Toxic Radiance  Alch           9%         N/A       65%         4
 Freezing Cloud           Conj/Ice/Air   4%         6-21      94%         5
 Bombard                  Conj/Erth      4%         9d2       100%        6
 Summon Cactus Giant      Summ           4%         N/A       100%        6
 Ozocubu's Refrigeration  Ice            4%         4d8       100%        7
 Summon Hydra             Summ           4%         N/A       100%        7
 Discord                  Hex            4%         N/A       100%        8

Inventory:

Hand Weapons
 L - a +0 broad axe
 O - a +2 broad axe of flaming (weapon)
Armour
 h - a +0 cloak (worn)
 v - a +3 scale mail of poison resistance
 B - the +2 pair of gloves of the Modern Wishes (worn) {Int+3}
   (You found it on level 10 of the Dungeon)

   Int+3:     It affects your intelligence (+3).
 G - +1 shadow dragon scales (worn)
 H - a scarf of resistance
Magical Staves
 Q - a staff of cold {!a}
Jewellery
 e - a +5 ring of evasion
 E - a +5 ring of evasion (right hand)
 F - a ring of fire
 I - a +6 ring of intelligence (left hand)
 N - a ring of positive energy
 Z - a ring of wizardry
Wands
 d - a wand of acid (10)
 u - a wand of mindburst (21)
 C - a wand of charming (14)
 D - a wand of flame (25)
 M - a wand of roots (23)
Scrolls
 a - 2 scrolls of revelation
 i - 7 scrolls of amnesia
 k - 13 scrolls of teleportation {@r2}
 l - 4 scrolls of poison
 o - 3 scrolls of vulnerability
 t - 5 scrolls of fog
 y - a scroll of noise
 z - a scroll of enchant weapon
 J - 3 scrolls of fear
 P - 7 scrolls of identify {@r1}
 T - a scroll of brand weapon
Potions
 f - 2 potions of enlightenment
 g - 7 potions of heal wounds {@q2}
 j - a potion of berserk rage {!q}
 m - 4 potions of lignification
 n - a potion of ambrosia
 r - 4 potions of curing {@q1}
 w - a potion of cancellation
 x - 5 potions of attraction
 K - a potion of resistance
 R - a potion of brilliance
Miscellaneous
 s - a phantom mirror
 S - a tin of tremorstones (2/2)

Dungeon Overview and Level Annotations

Branches:
Dungeon (12/15)            Temple (0/1) D:6            Lair (3/5) D:11
  Swamp (0/4) Lair:3        Snake (0/4) Lair:3          Orc (0/2) D:10
 Bailey (visited)         Gauntlet (1/1)

Altars:
Cheibriados
Dithmenos
Fedhas
Gozag
Hepliaklqana
Makhleb
Uskayaw
Vehumet

Shops:
D:1 ([   D:2 ([*:   D:6 **   D:11 =

Annotations:
D:6 1 runed translucent door, Crazy Yiuf
D:9 3 runed translucent doors, DimondSprtn's ghost, novice CoBe
Lair:2 2 transporters, 3 runed translucent doors, bayes525's ghost, journeyman FeBe Gauntlet 5 transporters, 3 runed translucent doors

▒▒▒...▓≈≈≈▓
.ß▒...▒...▒▒▒▒▒▒▒▒
.©▒.ß.▒..........▒
.ß▒.⌠.▒.ß.▒▒▒.▒▒.▒▒
▒▒▒.ß.▒.©........ß▒
..▒...▒.ß.▒.▒.....▒
▒.▒...▒.©.▒.▒.░░░░░░░░░
▒.▒.ß.▒.ß.▒...░ß.ß!ß[ß░
▒.▒.∩.▒.©.▒▒▒.'.@H...∩░
'.▒.ß.▒.ß.▒...░ß.ß%ß[ß░
▒.▒...▒.©.▒.▒.░░░░░░░░░
..▒...▒.ß.▒.▒..
▒▒▒.ß.▒.©......
.ß▒.⌠.▒.ß.▒▒▒.▒▒
.©▒.ß.▒........
.ß▒...▒...▒▒▒▒▒
▒▒▒...▓≈≈≈▓


You could see a minotaur (unable to see you).


Message History

You catch the helpless minotaur completely off-guard!
You hit the minotaur but do no damage.
The minotaur is lightly wounded.
The minotaur hits you with the +8 battleaxe of the Seven Suns!!
* * * LOW HITPOINT WARNING * * *
The minotaur gores you but does no damage.
You completely miss the minotaur.
The minotaur is lightly wounded.
Found a gate leading back out of this place.
There is an open door here.
You closely miss the minotaur.
The minotaur is lightly wounded.
The minotaur barely misses you. The minotaur gores you.
* * * LOW HITPOINT WARNING * * *
You hit the minotaur but do no damage.
The minotaur is lightly wounded.
You catch the helpless minotaur completely off-guard!
You hit the minotaur but do no damage.
The minotaur is lightly wounded.
The minotaur hits you with the +8 battleaxe of the Seven Suns.
* * * LOW HITPOINT WARNING * * *
The minotaur gores you!
* * * LOW HITPOINT WARNING * * *
You hit the minotaur but do no damage.
The minotaur is lightly wounded.
You slash the minotaur! You burn the minotaur.
The minotaur is moderately wounded.
The minotaur hits you with the +8 battleaxe of the Seven Suns!!!
You die...
Ignis goes out, and joins you in death.

Skill      XL: |  1  2  3  4  5  6  7  8  9 10 11 12 13 |
---------------+----------------------------------------+-----
Armour         | 1 2 3 4 5 6 8 9 11 12 | 12.0
Axes           | 4 5 6 7 8 9 11 12 13 | 13.6
Fire Magic     | 4 5 6 7 8 9 11 | 11.7
Fighting       | 4 5 6 7 9 10 11 12 | 12.6
Spellcasting   | 2 3 4 5 6 |  6.7
Shields        | 5 6 |  6.5

Action                     |  1- 3 |  4- 6 |  7- 9 | 10-12 | 13-15 || total
---------------------------+-------+-------+-------+-------+-------++-------
  Melee: Hand axe          |   132 |    46 |    34 |   114 |       ||   326
         War axe           |       |       |       |   265 |       ||   265
         Broad axe         |       |       |       |   243 |   189 ||   432
   Cast: Scorch            |     2 |    81 |   183 |   181 |    29 ||   476
  Evoke: Wand              |       |       |     1 |    20 |       ||    21
    Use: Scroll            |       |       |       |    25 |     2 ||    27
         Potion            |       |       |       |     5 |     3 ||     8
   Stab: Sleeping          |       |       |       |     1 |     1 ||     2
         Invisible         |       |       |       |       |     5 ||     5
 Armour: Robe              |   107 |    42 |    28 |       |       ||   177
         Chain mail        |       |       |    87 |     1 |       ||    88
         Shadow dragon sca |       |       |       |   717 |   231 ||   948
  Dodge: Dodged            |    65 |    36 |    71 |   375 |   130 ||   677

Levels and vault maps discovered:
D:1:      dpeg_arrival_stonehenge_8_columns, layout_basic, serial_shops,
          nicolae_shop_bloodbath_and_beyond, nicolae_shop_back_alley_shop,
          minmay_tree_intersection, minmay_cupped
D:2:      layout_loops_ring, serial_shops, shop, nicolae_shop_real_fake_doors,
          nicolae_shop_pleasant_corner_grove, shop
D:3:      layout_basic, portal_sewer_entry_b,
          dreamdust_ecumenical_altar_hidden_monk_grotto
D:4:      layout_loops_cross, minmay_overflow_temple_star_hex, nicolae_wormholes
D:5:      layout_gridville, eat_drink_and_be_merry_uskayaw,
          kennysheep_mini_moat, uniq_sigmund, uniq_prince_ribbit1
D:6:      layout_rooms, minmay_temple_entry_mini_moons, nicolae_specific_store,
          uniq_crazy_yiuf_cottage
D:7:      layout_cave_pods, st_stairs_4, minmay_lizard_king, uniq_joseph
D:8:      layout_loops_corners, uniq_amaemon
D:9:      layout_roguey, enter_bailey_2, gammafunk_ghost_spectres
D:10:     layout_basic, david_orc_3, uniq_maggie, uniq_erica
D:11:     layout_big_octagon, due_lair_maze_entry_diamond, serial_shops,
          nicolae_shop_hallway_plus, uniq_maurice
D:12:     layout_gridville, nicolae_straight_to_the_point
Lair:1:   layout_cave_pods, basic_altar
Lair:2:   gammafunk_worm_tunnel, layout_concentric_octagons,
          ebering_ghost_rock_garden, lemuel_fruit_fields
Lair:3:   beast_lair_carwin_large_4, layout_loops_ring, swamp_mist,
          nicolae_snake_entry_warm_welcome, gauntlet_entry_generic,
          lemuel_fruit_fields, infiniplex_staircase_pool_2, uniq_fannar
Gauntlet: gammafunk_gauntlet_77_escape_option
          [minmay_gauntlet_arena_77_squiggly,
          minmay_gauntlet_arena_77_broken_ladder,
          minmay_gauntlet_arena_77_shame_cube,
          minmay_gauntlet_arena_77_p_blocks, minmay_gauntlet_arena_77_cramped,
          nicolae_gauntlet_exit_dead_adventurers]

Notes
Turn   | Place    | Note
-------+----------+-------------------------------------------
     0 | D:1      | cforsyth the Mountain Dwarf Cinder Acolyte began the quest
                  | for the Orb.
     0 | D:1      | Reached XP level 1. HP: 19/19 MP: 2/2
   106 | D:1      | Reached XP level 2. HP: 24/26 MP: 3/3
   345 | D:1      | Found Qiotul's Weapon Boutique.
   516 | D:1      | Reached skill level 1 in Armour
   523 | D:1      | Found Tigup's Antique Armour Shoppe.
   748 | D:1      | Reached skill level 4 in Axes
   944 | D:2      | Reached XP level 3. HP: 29/31 MP: 3/5
  1003 | D:2      | Reached skill level 4 in Fire Magic
  1286 | D:1      | Learned a level 2 spell: Scorch
  1290 | D:2      | Reached XP level 4. HP: 40/40 MP: 1/6
  1497 | D:2      | Found Custau Soasm's Book Shoppe.
  1656 | D:2      | Found Teshroen's Armour Shoppe.
  1833 | D:2      | Found Kaamne's Weapon Shop.
  1886 | D:2      | Found Molih's Assorted Antiques.
  1894 | D:2      | Bought a scroll labelled YTOSSU IRPHUKHI for 24 gold pieces
  1894 | D:2      | Bought a scroll labelled DOXOHU TUBIPS for 24 gold pieces
  2279 | D:3      | Reached skill level 4 in Fighting
  2364 | D:3      | Found a faded altar of an unknown god.
  2370 | D:3      | Reached skill level 2 in Armour
  2983 | D:3      | Reached XP level 5. HP: 41/46 MP: 0/7
  3497 | D:4      | Reached skill level 2 in Spellcasting
  3703 | D:4      | Noticed a phantom
  3717 | D:4      | Killed a phantom
  3933 | D:4      | Reached XP level 6. HP: 53/53 MP: 6/9
  4187 | D:4      | Reached skill level 5 in Axes
  4187 | D:4      | Reached skill level 5 in Fire Magic
  4456 | D:4      | Found a hazy altar of Hepliaklqana.
  4456 | D:4      | Found a blossoming altar of Fedhas.
  4456 | D:4      | Found a burning altar of Makhleb.
  4475 | D:4      | Found a radiant altar of Vehumet.
  4478 | D:4      | Found a shadowy altar of Dithmenos.
  4605 | D:5      | Entered Level 5 of the Dungeon
  4633 | D:5      | Reached skill level 3 in Armour
  5101 | D:5      | Found an opulent altar of Gozag.
  5237 | D:5      | Noticed Sigmund
  5395 | D:5      | Killed Sigmund
  5396 | D:5      | Reached skill level 5 in Fighting
  5396 | D:5      | Reached XP level 7. HP: 61/61 MP: 3/11
  5640 | D:5      | Found a hide-covered altar of Uskayaw.
  5664 | D:5      | Reached skill level 3 in Spellcasting
  5951 | D:5      | Reached skill level 6 in Axes
  5951 | D:5      | Reached skill level 4 in Armour
  5951 | D:5      | Reached skill level 6 in Fire Magic
  6100 | D:5      | Noticed Prince Ribbit
  6105 | D:5      | Killed Prince Ribbit
  6106 | D:5      | Reached XP level 8. HP: 56/70 MP: 3/13
  6564 | D:6      | Reached skill level 6 in Fighting
  6957 | D:6      | Reached skill level 5 in Armour
  6957 | D:6      | Noticed a hornet
  7068 | D:6      | Found Vihyocky's General Store.
  7068 | D:6      | Found Juudare's Specific Store.
  7071 | D:6      | Reached skill level 4 in Spellcasting
  7150 | D:6      | Killed a hornet
  7151 | D:6      | Reached skill level 7 in Axes
  7151 | D:6      | Reached skill level 7 in Fire Magic
  7455 | D:6      | Bought a scroll of identify for 30 gold pieces
  7677 | D:6      | Found a staircase to the Ecumenical Temple.
  7857 | D:6      | Found a runed translucent door.
  7858 | D:6      | Noticed Crazy Yiuf
  8087 | D:7      | Reached XP level 9. HP: 77/78 MP: 4/15
  8784 | D:7      | Reached skill level 7 in Fighting
  8788 | D:7      | Reached skill level 6 in Armour
  8910 | D:7      | Noticed Joseph
  9027 | D:6      | Killed Joseph
  9028 | D:6      | Reached skill level 8 in Axes
  9028 | D:6      | Reached skill level 8 in Fire Magic
  9177 | D:6      | Reached skill level 5 in Spellcasting
  9356 | D:7      | Noticed a komodo dragon
  9365 | D:7      | Killed a komodo dragon
  9937 | D:7      | Reached XP level 10. HP: 85/88 MP: 11/18
 10370 | D:8      | Learned a level 3 spell: Volatile Blastmotes
 10382 | D:8      | Identified a scarf of resistance
 10573 | D:8      | Reached skill level 7 in Armour
 10610 | D:8      | Noticed a two-headed ogre
 10622 | D:8      | HP: 5/88 [two-headed ogre/+0 giant spiked club (26)]
 10623 | D:8      | Killed a two-headed ogre
 10624 | D:8      | Reached skill level 8 in Fighting
 11083 | D:8      | Reached skill level 9 in Axes
 11083 | D:8      | Reached skill level 9 in Fire Magic
 11693 | D:8      | Noticed an orange demon
 11693 | D:8      | Noticed Amaemon
 11721 | D:8      | Killed an orange demon
 11747 | D:8      | Killed Amaemon
 11747 | D:8      | HP: 8/89 [poisoned by Amaemon]
 12086 | D:8      | Reached skill level 6 in Spellcasting
 12619 | D:9      | Noticed a two-headed ogre
 12632 | D:8      | Killed a two-headed ogre
 12633 | D:8      | Reached skill level 8 in Armour
 12692 | D:9      | Reached skill level 9 in Fighting
 12693 | D:9      | Found a flagged portal.
 12697 | D:9      | Reached XP level 11. HP: 31/97 MP: 14/20
 12704 | D:9      | Reached skill level 10 in Fire Magic
 12713 | Bailey   | Entered a bailey
 13051 | Bailey   | Reached skill level 10 in Axes
 13316 | Bailey   | Noticed an orc knight
 13330 | Bailey   | Killed an orc knight
 13765 | Bailey   | Noticed an orc high priest
 13774 | Bailey   | Noticed a sun demon
 13783 | Bailey   | Gained mutation: You expend magic power (3 MP) to
                  | strengthen your wands. [a neqoxec]
 13785 | Bailey   | Gained mutation: You passively dampen the noise of your
                  | surroundings. [a neqoxec]
 13786 | Bailey   | Killed an orc high priest
 14107 | Bailey   | Found an iron altar of Okawaru.
 14368 | Bailey   | Noticed an orc knight
 14393 | Bailey   | Killed an orc knight
 14593 | D:9      | Acquired 862 gold pieces
 14642 | D:9      | Reached skill level 9 in Armour
 14929 | D:9      | Found a runed translucent gate.
 15150 | D:9      | Found a runed translucent gate.
 15151 | D:9      | Found a runed translucent gate.
 15151 | D:9      | Noticed DimondSprtn's ghost (novice CoBe)
 15217 | D:10     | Entered Level 10 of the Dungeon
 15228 | D:10     | Found a staircase to the Orcish Mines.
 15642 | D:9      | Reached skill level 10 in Fighting
 15712 | D:9      | Reached skill level 11 in Fire Magic
 15832 | D:10     | Noticed Maggie
 15847 | D:10     | Reached skill level 11 in Axes
 15854 | D:10     | Killed Maggie
 16047 | D:10     | Noticed Erica
 16083 | D:10     | Killed Erica
 16330 | D:10     | Identified the +1 pair of gloves of the Modern Wishes
                  | {Int+3}
 16702 | D:10     | Identified a potion of resistance
 16910 | D:11     | Noticed a boulder beetle
 16936 | D:11     | Killed a boulder beetle
 17156 | D:11     | Reached XP level 12. HP: 106/107 MP: 22/22
 17220 | D:11     | Found a staircase to the Lair.
 17485 | D:11     | Reached skill level 10 in Armour
 17802 | D:11     | Noticed Maurice
 18019 | D:11     | Maurice stole an amulet of guardian spirit
 18022 | D:11     | Something stole a phantom mirror
 18023 | D:11     | Killed Maurice
 18248 | D:11     | Reached skill level 1 in Shields
 18430 | D:11     | Reached skill level 11 in Fighting
 18472 | D:11     | Reached skill level 2 in Shields
 18725 | D:11     | Found Hodiobukhli's Jewellery Boutique.
 18775 | D:11     | Reached skill level 12 in Axes
 19155 | D:12     | Reached skill level 3 in Shields
 19181 | D:12     | Noticed a two-headed ogre
 19192 | D:12     | Killed a two-headed ogre
 19247 | D:12     | Found the +5 demon whip "Spellbinder" {antimagic, disrupt,
                  | Will+}
 19387 | D:12     | Noticed an eight-headed hydra
 19399 | D:12     | Killed a four-headed hydra
 19709 | D:12     | Identified the +2 robe of Umiyzeg {Str+2}
 20061 | D:12     | Reached skill level 4 in Shields
 20343 | Lair:1   | Entered Level 1 of the Lair of Beasts
 20439 | Lair:1   | Reached skill level 11 in Armour
 20860 | Lair:1   | Found a snail-covered altar of Cheibriados.
 21618 | Lair:1   | Reached skill level 5 in Shields
 21811 | Lair:2   | Reached XP level 13. HP: 44/117 MP: 23/23
 22076 | Lair:2   | Found a transporter.
 22125 | Lair:2   | Reached skill level 12 in Fighting
 22186 | Lair:2   | Found a transporter.
 22236 | Lair:2   | Reached skill level 13 in Axes
 23118 | Lair:2   | Noticed bayes525's ghost (journeyman FeBe)
 23119 | Lair:2   | Found a runed translucent gate.
 23119 | Lair:2   | Found a runed translucent gate.
 23119 | Lair:2   | Found a runed translucent gate.
 23376 | Lair:3   | Noticed Fannar
 23402 | Lair:3   | Killed Fannar
 23549 | Lair:3   | Reached skill level 6 in Shields
 23574 | Lair:3   | Found a gate leading to a gauntlet.
 23586 | Gauntlet | Entered a Gauntlet
 23586 | Gauntlet | Found a transporter.
 23737 | Gauntlet | Found a transporter.
 23740 | Gauntlet | Found a transporter.
 23741 | Gauntlet | Found a transporter.
 23749 | Gauntlet | Found a transporter.
 23752 | Gauntlet | Found a transporter.
 23753 | Gauntlet | Found a transporter.
 23757 | Gauntlet | Found a runed translucent door.
 23761 | Gauntlet | Found a transporter.
 23764 | Gauntlet | Found a transporter.
 23765 | Gauntlet | Found a transporter.
 23776 | Gauntlet | Found a transporter.
 23777 | Gauntlet | Found a transporter.
 23778 | Gauntlet | Found a transporter.
 23781 | Gauntlet | Found a runed translucent door.
 23783 | Gauntlet | Found a runed translucent door.
 23785 | Gauntlet | Found a transporter.
 23825 | Gauntlet | Found a runed translucent door.
 23970 | Gauntlet | Paralysed by a hornet for 3 turns
 24348 | Gauntlet | Reached skill level 12 in Armour
 24757 | Gauntlet | Identified the +8 battleaxe of the Seven Suns {protect,
                  | *Noise rN++ Dex+5}
 24757 | Gauntlet | Noticed a minotaur
 24770 | Gauntlet | Found the +7 Kryia's mail coat {PotionHeal*2 rC+}
 24786 | Gauntlet | Mangled by a minotaur

Vanquished Creatures
  Fannar (Lair:3)
  A hydra (D:12)
  A boulder beetle (D:11)
  3 two-headed ogres
  Erica (D:10)
  An orc high priest (Bailey)
  Amaemon (D:8)
  2 large abominations (Gauntlet)
  2 orc knights (Bailey)
  2 manticores
  A cyclops (D:11)
  8 elephants
  A moth of wrath (Gauntlet)
  Maurice (D:11)
  7 cane toads
  Joseph (D:6)
  An orange demon (D:8)
  3 gargoyles
  3 rime drakes
  5 komodo dragons
  A kobold demonologist (Bailey)
  Maggie (D:10)
  2 unseen horrors
  A polar bear (Lair:2)
  Prince Ribbit (D:5)
  4 hornets
  Sigmund (D:5)
  A shadow (D:11)
  4 wraiths
  46 yaks
  4 wyverns
  4 vampire mosquitoes
  2 redbacks (Gauntlet)
  3 basilisks
  A steam dragon (D:7)
  6 small abominations (Gauntlet)
  5 water moccasins
  An ice beast (D:6)
  13 orc warriors
  5 black bears
  3 sky beasts
  2 ogres
  3 centaurs
  A phantom (D:4)
  2 kobold brigands
  7 bullfrogs
  2 gnoll sergeants
  4 scorpions
  4 wights
  4 electric eels (Bailey)
  A howler monkey (D:9)
  2 bombardier beetles (D:5)
  4 hounds
  3 orc priests
  3 jellies
  2 sleepcaps
  2 gnoll boudas (D:7)
  5 orc wizards
  11 iguanas
  10 adders
  23 gnolls
  2 shadow imps (D:6)
  5 ribbon worms
  4 dart slugs
  32 orcs
  5 endoplasms
  5 giant cockroaches
  15 goblins
  12 hobgoblins
  6 jackals
  8 quokkas
  8 ball pythons
  5 bats
  4 frilled lizards
  14 kobolds
  4 rats
  A butterfly (Lair:3)
380 creatures vanquished.

Table legend: (Time is in decaauts)
 A = Elapsed time spent in this place.
 B = Non-inter-level travel time spent in this place.
 C = Inter-level travel time spent in this place.
 D = Time resting spent in this place.
 E = Time spent auto-exploring this place.
 F = Levels seen in this place.
 G = Mean time per level.
                   A        B        C        D        E       F      G
               +--------+--------+--------+--------+--------+-----+--------+
         Total |  24905 |  24260 |    645 |   5350 |  14659 |  17 | 1465.0 |
       Dungeon |  18826 |  18258 |    568 |   3681 |  11887 |  12 | 1568.8 |
          Lair |   2972 |   2896 |     76 |    111 |   2279 |   3 |  990.7 |
        Bailey |   1901 |   1901 |      0 |    938 |    241 |   1 | 1901.0 |
      Gauntlet |   1205 |   1205 |      0 |    620 |    251 |   1 | 1205.0 |
               +--------+--------+--------+--------+--------+-----+--------+

Top non-repeatable levels by time:
     D:8: 2467 daAuts
    D:11: 2069 daAuts
     D:5: 2026 daAuts
  Bailey: 1901 daAuts
    D:10: 1859 daAuts
     D:6: 1658 daAuts
     D:7: 1644 daAuts
  Lair:2: 1574 daAuts
     D:4: 1470 daAuts
     D:3: 1341 daAuts
    D:12: 1210 daAuts
Gauntlet: 1205 daAuts
  Lair:1: 1173 daAuts
     D:1: 1063 daAuts
     D:2: 1049 daAuts

Table legend:
 A = Non-vault XP
 B = Vault XP
 C = Vault XP percentage of total XP
 D = Non-vault monster count
 E = Vault monster count
 F = Vault count percentage of total count
                 A         B        C        D         E       F
            +---------+---------+-------+---------+---------+-------
      Total |   33042 |   16764 |  33.7 |     274 |     105 |  27.7
            +---------+---------+-------+---------+---------+-------
        D:1 |      48 |       4 |   7.7 |      21 |       2 |   8.7
        D:2 |      87 |       0 |   0.0 |      20 |       0 |   0.0
        D:3 |      41 |      18 |  30.5 |      15 |       4 |  21.1
        D:4 |     294 |       8 |   2.6 |      18 |       2 |  10.0
        D:5 |     575 |     522 |  47.6 |      19 |       4 |  17.4
        D:6 |    1198 |     561 |  31.9 |      24 |       4 |  14.3
        D:7 |    1509 |     692 |  31.4 |      24 |       6 |  20.0
        D:8 |    3521 |    1200 |  25.4 |      29 |       2 |   6.5
        D:9 |    4022 |       0 |   0.0 |      21 |       0 |   0.0
       D:10 |    1812 |    1459 |  44.6 |      13 |       9 |  40.9
       D:11 |    6470 |    2260 |  25.9 |      29 |      12 |  29.3
       D:12 |    3346 |       0 |   0.0 |      10 |       0 |   0.0
     Lair:1 |    3878 |       0 |   0.0 |      13 |       0 |   0.0
     Lair:2 |    6031 |       0 |   0.0 |      17 |       0 |   0.0
     Lair:3 |     210 |    1584 |  88.3 |       1 |       7 |  87.5
     Bailey |       0 |    4002 | 100.0 |       0 |      38 | 100.0
   Gauntlet |       0 |    4454 | 100.0 |       0 |      15 | 100.0
            +---------+---------+-------+---------+---------+-------
